 Dungeon Crawl Stone Soup version 0.31-a0-940-gdaa99269f9 (webtiles) character file.

Game seed: 6825048670935478032

225585 Shayle the Bludgeoner (level 19, -17/174 (187) HPs)
             Began as an Ogre Hexslinger on Oct 20, 2023.
             Was a Priest of Ashenzari.
             Killed from afar by a deep elf death mage (34 damage)
             ... with a bolt of negative energy
             ... on level 3 of the Elven Halls on Oct 21, 2023.
             The game lasted 04:25:18 (59517 turns).

Shayle the Bludgeoner (Ogre Hexslinger)            Turns: 59517, Time: 04:25:25

HP:   -17/174 (187) AC: 18    Str: 17    XL:     19   Next: 33%
MP:   5/35          EV: 17    Int: 23    God:    Ashenzari [***...]
Gold: 1770          SH: 11    Dex: 19    Spells: 4/43 levels left

rFire   + + .        E - +6 eveningstar (drain)
rCold   + + .        W - +0 kite shield {reflect}
rNeg    . . .        g - +5 steam dragon scales of Ashenzari's Insecurity {Cun, Self} (curse)
rPois   .            J - +2 hat {Int+3}
rElec   +            j - +0 cloak "Share My Lifelessness" {rElec rC++, Fort, Elem} (curse)
rCorr   .            (gloves unavailable)
SInv    +            (boots unavailable)
Will    +....        x - amulet of Toth-Mos's Legacy {Acrobat, Alch, Comp} (curse)
Stlth   ++           q - ring "Ustrupp" {rF++ Int+2 Dex+6}
HPRegen 0.49/turn    e - ring of the Prophetic Pleiades {AC+4, Bglg, Melee} (curse)
MPRegen 0.24/turn

%: reflection, acrobat, clarity
@: about to teleport, very slightly contaminated, studying Ice Magic, drained
A: large, unfitting armour, tough skin 1
}: 1/15 runes: decaying
a: Renounce Religion, Curse Item, Shatter the Chains


You were on level 3 of the Elven Halls.
You worshipped Ashenzari.
Ashenzari was most pleased with you.
You visited 7 branches of the dungeon, and saw 31 of its levels.
You also visited: Bailey and Ice Cave.

You collected 3285 gold pieces.
You spent 1515 gold pieces at shops.

Inventory:

Hand Weapons
 c - a +0 broad axe of freezing
 v - the +2 falchion of Incongruity {freeze, rElec rF+}
   (You found it on level 2 of the Lair of Beasts)

   rF+:       It protects you from fire.
   rElec:     It insulates you from electricity.
 y - a +9 giant spiked club of venom
 A - the +4 rapier of the Dancing Scavenger {spect, rF+ rN+ Str+3}
   (You took it off Sonja on level 4 of the Lair of Beasts)

   Str+3:     It affects your strength (+3).
   rF+:       It protects you from fire.
   rN+:       It protects you from negative energy.
 E - a +6 eveningstar of draining (weapon)
Missiles
 I - 19 curare-tipped darts (quivered)
Armour
 f - a +2 robe of cold resistance
 g - the cursed +5 steam dragon scales of Ashenzari's Insecurity (worn) {Cun, Self}
   (You found it on level 7 of the Dungeon)

   It has a curse which improves the following skills: Cunning: Dodging and
   Stealth.
   Introspection: Fighting and Spellcasting.
 j - the cursed +0 cloak "Share My Lifelessness" (worn) {rElec rC++, Fort, Elem}
   (You found it on level 9 of the Dungeon)

   rC++:      It greatly protects you from cold.
   rElec:     It insulates you from electricity.
   It has a curse which improves the following skills: Fortitude: Armour and
   Shields.
   Elements:  Fire Magic, Ice Magic, Air Magic and Earth Magic.
 s - a +1 cloak of stealth
 J - a +2 hat of intelligence (worn)
 W - a +0 kite shield of reflection (worn)
Jewellery
 d - a ring of protection from cold
 e - the cursed ring of the Prophetic Pleiades (right hand) {AC+4, Bglg, Melee}
   (You found it on level 1 of the Dungeon)

   [ring of protection]

   AC+4:      It affects your AC (+4).
   It has a curse which improves the following skills: Beguiling: Conjurations,
   Hexes and Translocations.
   Melee Combat: Short Blades, Long Blades, Axes, Maces & Flails, Polearms,
   Staves and Unarmed Combat.
 q - the ring "Ustrupp" (left hand) {rF++ Int+2 Dex+6}
   (You found it on level 4 of the Lair of Beasts)

   [ring of dexterity]

   Int+2:     It affects your intelligence (+2).
   Dex+6:     It affects your dexterity (+6).
   rF++:      It greatly protects you from fire.
 x - the cursed amulet of Toth-Mos's Legacy (around neck) {Acrobat, Alch, Comp}
   (You found it on level 1 of the Lair of Beasts)

   [amulet of the acrobat]

   Acrobat:   It increases your evasion while moving and waiting.
   It has a curse which improves the following skills: Alchemy: Poison Magic and
   Transmutations.
   Companions: Summonings and Necromancy.
 K - the ring "Gifyti" {Wiz rF+ rCorr Dex+3 Slay-5}
   (You took it off a deep elf blademaster on level 2 of the Elven Halls)

   [ring of wizardry]

   Wiz:       It improves your spell success rate.
   Dex+3:     It affects your dexterity (+3).
   Slay-5:    It affects your accuracy & damage with ranged weapons and melee
   (-5).
   rF+:       It protects you from fire.
   rCorr:     It protects you from acid and corrosion.
 N - a ring of wizardry
 Q - a ring of protection from fire
 V - a +6 ring of intelligence
Wands
 i - a wand of light (1)
 u - a wand of flame (52)
 z - a wand of charming (51)
 F - a wand of roots (16)
 M - a wand of mindburst (8)
 P - a wand of digging (9)
 S - a wand of polymorph (29)
Scrolls
 a - 2 scrolls of torment
 b - 6 scrolls of poison
 k - a scroll of amnesia
 m - 5 scrolls of vulnerability
 G - 3 scrolls of fog
 H - 3 scrolls of revelation
 R - 3 scrolls of immolation
Potions
 n - 9 potions of enlightenment
 o - 6 potions of cancellation
 p - 5 potions of mutation
 r - 4 potions of haste
 t - 3 potions of magic
 w - 2 potions of attraction
 B - 5 potions of invisibility
 C - a potion of berserk rage
 D - 5 potions of brilliance
 L - 3 potions of resistance
 O - 3 potions of lignification
 T - a potion of curing
 U - 5 potions of ambrosia
Miscellaneous
 X - a phantom mirror


   Skills:
 - Level 9.8(11.3) Fighting
 - Level 15.1(16.4) Maces & Flails
 - Level 1.3 Ranged Weapons
 - Level 12.4(13.8) Dodging
 + Level 4.2(5.6) Shields
 + Level 11.4(12.9) Spellcasting
 + Level 14.9(16.2) Conjurations
 - Level 2.6(3.9) Hexes
 + Level 6.7(8.3) Necromancy
 - Level 7.0(8.6) Translocations
 + Level 9.2(10.7) Fire Magic
 - Level 10.0(11.4) Ice Magic
 - Level 8.0(9.5) Air Magic
 - Level 4.3(5.7) Poison Magic


You had 4 spell levels left.
You knew the following spells:

 Your Spells              Type           Power      Damage    Failure   Level
a - Jinxbite              Hex            66%        N/A       3%          2
b - Inner Flame           Hex/Fire       48%        N/A       1%          3
c - Blink                 Tloc           100%       N/A       1%          2
d - Mephitic Cloud        Conj/Pois/Air  58%        N/A       1%          3
e - Iskenderun's Mystic   Conj/Tloc      64%        2d13      1%          4
f - Fulminant Prism       Conj/Hex       28%        3d13      1%          4
g - Orb of Destruction    Conj           37%        9d11      11%         7
h - Plasma Beam           Fire/Air       28%        2x1d41    26%         6
i - Anguish               Hex/Necr       21%        N/A       9%          4
j - Manifold Assault      Tloc           53%        N/A       3%          4

Your spell library contained the following spells:

 Spells                   Type           Power      Damage    Failure   Level
 Magic Dart               Conj           100%       1d8       0%          1
 Foxfire                  Conj/Fire      100%       2x1d9     1%          1
 Ensorcelled Hibernation  Hex/Ice        100%       N/A       1%          2
 Lesser Beckoning         Tloc           100%       N/A       1%          2
 Momentum Strike          Conj/Tloc      100%       3d10      1%          2
 Sublimation of Blood     Necr           52%        N/A       1%          2
 Frozen Ramparts          Ice            100%       1d16      1%          3
 Gell's Gravitas          Tloc           53%        N/A       1%          3
 Ozocubu's Armour         Ice            61%        N/A       1%          3
 Teleport Other           Tloc           53%        N/A       1%          3
 Vampiric Draining        Necr           52%        2d9       1%          3
 Volatile Blastmotes      Fire/Tloc      100%       2d18      1%          3
 Vhi's Electric Charge    Tloc/Air       100%       N/A       2%          4
 Brom's Barrelling Bould  Conj/Erth      51%        2d7       3%          4
 Sigil of Binding         Hex            33%        N/A       6%          3
 Dimensional Bullseye     Hex/Tloc       21%        N/A       8%          4
 Sandblast                Erth           30%        2d9       10%         1
 Summon Guardian Golem    Hex/Summ       24%        N/A       14%         3
 Call Imp                 Summ           30%        N/A       16%         2
 Passwall                 Tmut/Erth      12%        N/A       16%         2
 Wereblood                Tmut           15%        N/A       16%         2
 Cause Fear               Hex            16%        N/A       21%         4
 Petrify                  Tmut/Erth      15%        N/A       69%         4
 Arcjolt                  Conj/Air       32%        1d42      1%          5
 Fireball                 Conj/Fire      33%        3d14      1%          5
 Iskenderun's Battlesphe  Conj           74%        2d12      1%          5
 Starburst                Conj/Fire      33%        6d10      6%          6
 Conjure Ball Lightning   Conj/Air       32%        3x3d10    9%          6
 Metabolic Englaciation   Hex/Ice        25%        N/A       12%         5
 Simulacrum               Ice/Necr       28%        N/A       28%         6
 Dispersal                Tloc           26%        N/A       43%         6
 Spellforged Servitor     Conj/Summ      25%        N/A       97%         7
 Summon Hydra             Summ           7%         N/A       100%        7
 Disjunction              Tloc           26%        N/A       100%        8
 Infestation              Necr           26%        N/A       100%        8
 Maxwell's Capacitive Co  Air            28%        ∞         100%        8


Dungeon Overview and Level Annotations

Branches:
Dungeon (15/15)            Temple (1/1) D:7            Lair (5/5) D:9
  Swamp (4/4) Lair:3       Spider (0/4) Lair:3        Slime (0/5) Lair:4
    Orc (2/2) D:12            Elf (3/3) Orc:2        Vaults (1/5) D:14
 Depths (0/4) D:15         Bailey (visited)           IceCv (visited)

Altars:
Ashenzari
Cheibriados
Dithmenos
Elyvilon
Fedhas
Gozag
Hepliaklqana
Kikubaaqudgha
Makhleb
Nemelex Xobeh
Okawaru
Qazlal
Ru
Sif Muna
Trog
Uskayaw
Vehumet
Wu Jian
Xom
Yredelemnul
Zin
The Shining One
Jiyva

Shops:
Orc:1 *   Orc:2 ??!:[   Elf:1 *   Elf:2 *=   Vaults:1 ?

Portals:
Trove: D:15 (give +4 storm dragon scales)

Annotations:
Vaults:1 Asterion


Innate Abilities, Weirdness & Mutations

You are too large for most types of armour.
You have tough skin. (AC +1)


Message History

The deep elf demonologist is engulfed in freezing vapours.
Things that are here:
a +4 short sword of venom; a +0 ring mail; a +0 long sword Unknown command.
As you read the scroll of teleportation, it crumbles to dust.
You feel strangely unstable.
Unknown command.
Okay, then.
Okay, then.
Casting: Manifold Assault (mildly dangerous; 3% risk of failure)
Confirm with . or Enter, or press ? or * to list all spells.
Casting: Anguish (mildly dangerous; 9% risk of failure)
Press: ? - help, Dir - look around, f - activate Look: a Tzitzimitl (summoned, infinite will)
Okay, then.
Casting: Anguish (mildly dangerous; 9% risk of failure)
Confirm with . or Enter, or press ? or * to list all spells.
You miscast Blink.
Nothing appears to happen.
The deep elf demonologist gestures wildly while chanting.
Unknown command.
Your surroundings suddenly seem different. 5 elves come into view.
A deep elf sorcerer is wielding a +1 hand axe of flaming.
The deep elf annihilator shouts!
The deep elf pyromancer shouts!
You hear a shout! x2
The deep elf pyromancer gestures wildly while chanting.
The deep elf pyromancer blinks!
The deep elf annihilator points at you and mumbles some strange words.
The crystal spear hits you!!!
* * * LOW HITPOINT WARNING * * *
Unknown command.
Okay, then.
Okay, then.
As you read the scroll of teleportation, it crumbles to dust.
You feel strangely unstable.
The deep elf annihilator casts a spell.
The deep elf annihilator blinks!
The deep elf death mage points at you and mumbles some strange words.
The bolt of negative energy hits you!!
You feel drained.
You die...

#)3# ## #e.# ##
#3e# #. #..# ##
#.)# #..###### ∆ {
{ #.°##....###{∆
#..#e.§e...###
....e.e...@..#
e.................
...............
##.............
###e......e...
............
.e...........
.^⌠...........


You could see a deep elf master archer, 2 deep elf annihilators, a deep elf
death mage, a deep elf sorcerer, a deep elf elementalist (repels missiles) and a
deep elf pyromancer.

Vanquished Creatures
  A tentacled monstrosity (Swamp:3)
  Zenata (Elf:1)
  2 deep elf blademasters
  Gastronok (D:12)
  Donald (Elf:2)
  Aizul (Elf:3)
  3 deep elf sorcerers
  A vault warden (Vaults:1)
  3 deep elf elementalists (Elf:3)
  Nessos (D:14)
  8 eleionomae
  A deep elf demonologist (Elf:3)
  3 dire elephants (Vaults:1)
  6 deep elf annihilators
  10 bunyips
  Josephine (D:10)
  3 deep elf death magi
  2 vault guards
  Fannar (Lair:2)
  A shambling mangrove (Swamp:3)
  The ghost of Pokonic1 the Fighter, a journeyman DsIE of Vehumet (D:11)
  A deep elf high priest (Elf:1)
  21 hydras
  A spriggan air mage (Swamp:3)
  3 merfolk avatars (Swamp:1)
  7 alligators
  The ghost of Persephone the Grappler, a novice TrSh of Trog (D:9)
  A ghost crab (Swamp:3)
  Erica (Orc:1)
  A catoblepas (Lair:3)
  A hydra (shapeshifter) (Elf:3)
  4 boulder beetles
  5 centaur warriors
  2 two-headed ogres
  27 dancing weapons
  A vampire mage (D:14)
  4 death yaks (Lair:4)
  4 orc high priests (Orc:2)
  3 tengu warriors
  Nergalle (Lair:1)
  Sonja (Lair:4)
  12 deep elf knights
  A storm dragon skeleton (D:15)
  3 skysharks
  11 swamp dragons
  2 goliath frogs
  8 skeletal warriors
  2 arcanists
  2 spriggan druids
  7 deep elf archers
  12 bog bodies
  2 deep trolls (Vaults:1)
  6 orc knights
  An orb spider (Lair:3)
  Pikel (D:3)
  An ironbound convoker (Vaults:1)
  34 deep elf pyromancers
  30 deep elf zephyrmancers
  A necromancer (D:15)
  3 orc sorcerers
  4 ugly things
  3 manticores
  3 cyclopes
  7 will-o-the-wisps
  15 elephants
  An ice statue (IceCv)
  5 black mambas
  10 cane toads
  2 rime drakes
  3 gargoyles
  An unseen horror (D:11)
  2 unseen horror zombies (D:9)
  11 komodo dragons
  3 kobold demonologists
  2 ice devils (IceCv)
  2 efreet
  2 tengu conjurers
  A rime drake (shapeshifter) (D:15)
  A queen bee (D:9)
  3 polar bears (Lair:5)
  5 trolls
  9 tyrant leeches
  21 blink frogs
  17 hornets
  2 dream sheep (Lair:5)
  A shadow (D:9)
  2 water elementals
  3 air elementals
  12 slime creatures
  A spriggan zombie (D:15)
  22 spriggans
  A vampire (D:11)
  A wyvern (Lair:4)
  A dire elephant simulacrum (IceCv)
  47 yaks
  5 wraiths
  Grum (D:9)
  4 basilisks
  5 fire elementals
  A golden eye (shapeshifter) (D:14)
  3 steam dragons
  11 vampire mosquitoes
  2 death yak simulacra
  4 acid dragons
  2 wargs
  29 swamp worms
  15 water moccasins
  2 hydra simulacra (IceCv)
  8 swamp drakes
  2 ice beasts
  52 orc warriors
  5 ogres
  7 black bears
  A sky beast (D:7)
  3 centaurs
  41 wolves
  2 boggarts (Lair:5)
  A lemure (D:3)
  4 kobold brigands
  7 bullfrogs
  A two-headed ogre simulacrum (IceCv)
  3 scorpions
  5 cane toad simulacra
  2 wights (D:9)
  28 killer bees
  2 elephant simulacra (IceCv)
  7 howler monkeys
  6 electric eels
  2 centaur zombies (D:9)
  A hound (D:5)
  4 jellies
  2 gnoll boudas
  39 orc priests
  Crazy Yiuf (D:2)
  Jessica (D:2)
  An iguana (D:4)
  A sleepcap (D:5)
  19 orc wizards
  5 hell rats (Lair:5)
  5 troll simulacra (IceCv)
  2 polar bear simulacra (IceCv)
  5 spriggan simulacra (IceCv)
  2 wolf simulacra
  9 gnolls
  3 howler monkey zombies (D:9)
  7 adders
  6 naga simulacra (IceCv)
  7 white imps
  10 ufetubi
  3 worms
  3 dart slugs
  127 orcs
  9 ball pythons
  6 endoplasms
  A giant cockroach (D:1)
  6 goblins
  6 hobgoblins
  5 quokkas
  8 bats
  4 frilled lizards
  18 kobolds
  10 rats
  3 fulminant prisms
1119 creatures vanquished.

Vanquished Creatures (collateral kills)
  the Lernaean hydra (Swamp:4)
  Snorg (D:10)
  An orc high priest (Orc:2)
  A goliath frog (Swamp:3)
  A swamp dragon (Lair:5)
  An ice devil (IceCv)
  2 hornets (Swamp:3)
  2 spriggans (Swamp:3)
  A wraith (D:10)
  A death yak simulacrum (IceCv)
  A two-headed ogre simulacrum (IceCv)
  A cane toad simulacrum (IceCv)
  A killer bee (D:9)
15 creatures vanquished.

Vanquished Creatures (others)
  An angel (D:7)
  A bog body (Swamp:4)
  A swamp dragon (Swamp:4)
  2 deep elf archers
  A deep elf pyromancer (Elf:1)
  2 deep elf zephyrmancers
  An air elemental (Elf:2)
  A spriggan (Lair:5)
  2 water elementals
  24 foxfires
  130 fulminant prisms
  3 spectral weapons
169 creatures vanquished.

Grand Total: 1303 creatures vanquished

Notes
Turn   | Place    | Note
-------+----------+-------------------------------------------
     0 | D:1      | Shayle the Ogre Hexslinger began the quest for the Orb.
     0 | D:1      | Reached XP level 1. HP: 19/19 MP: 2/2
    45 | D:1      | Reached skill level 1 in Fire Magic
   174 | D:1      | Reached XP level 2. HP: 28/28 MP: 4/4
   177 | D:1      | Learned a level 2 spell: Jinxbite
   484 | D:1      | Reached XP level 3. HP: 35/35 MP: 5/5
   596 | D:1      | Learned a level 3 spell: Inner Flame
   768 | D:2      | Noticed Jessica
  1166 | D:2      | Killed Jessica
  1167 | D:2      | Reached XP level 4. HP: 15/44 MP: 5/7
  1280 | D:2      | Found a runed translucent door.
  1281 | D:2      | Noticed Crazy Yiuf
  1915 | D:2      | Reached XP level 5. HP: 53/53 MP: 9/9
  2274 | D:3      | Found a radiant altar of Vehumet.
  2957 | D:4      | Learned a level 2 spell: Blink
  2967 | D:4      | Learned a level 3 spell: Mephitic Cloud
  2993 | D:4      | Noticed a lemure
  2993 | D:4      | Noticed a lemure
  2993 | D:4      | Noticed Pikel
  3195 | D:3      | Reached XP level 6. HP: 50/62 MP: 10/10
  3411 | D:4      | Reached skill level 1 in Conjurations
  3411 | D:4      | Reached skill level 1 in Air Magic
  3601 | D:3      | Killed Pikel
  3602 | D:3      | Reached skill level 5 in Fighting
  3602 | D:3      | Reached XP level 7. HP: 20/72 MP: 11/13
  4201 | D:4      | Reached XP level 8. HP: 80/80 MP: 14/14
  4247 | D:5      | Entered Level 5 of the Dungeon
  4247 | D:5      | Noticed a yak
  4247 | D:5      | Noticed a yak
  4247 | D:5      | Noticed a yak
  4247 | D:5      | Noticed a yak
  4247 | D:5      | Noticed a yak
  4260 | D:4      | Killed a yak
  4462 | D:5      | Killed a yak
  4465 | D:5      | Killed a yak
  4620 | D:5      | Reached skill level 5 in Spellcasting
  4803 | D:4      | Learned a level 4 spell: Iskenderun's Mystic Blast
  5369 | D:5      | Reached XP level 9. HP: 92/92 MP: 10/17
  5724 | D:5      | Found an iron altar of Okawaru.
  5810 | D:6      | Reached skill level 5 in Dodging
  6834 | D:7      | Found a staircase to the Ecumenical Temple.
  6845 | Temple   | Entered the Ecumenical Temple
  6859 | Temple   | Became a worshipper of Ashenzari the Shackled
  6922 | D:7      | Found a glowing silver altar of Zin.
  6922 | D:7      | Found a shimmering altar of Xom.
  6923 | D:7      | Noticed an angel
  7179 | D:7      | Identified the +3 scale mail of Hecogim {Rampage}
  7296 | D:7      | Killed an angel
  7445 | D:7      | Noticed a troll
  7465 | D:7      | Killed a troll
  7466 | D:7      | Reached XP level 10. HP: 61/104 MP: 17/19
  7473 | D:7      | Reached skill level 1 in Translocations
  7971 | D:7      | Found a bloodstained altar of Trog.
  8000 | D:8      | Identified the "Zoecat"
  8015 | D:8      | Found a flagged portal.
  8109 | Bailey   | Entered a bailey
  8238 | Bailey   | Learned a level 4 spell: Fulminant Prism
  8262 | Bailey   | Reached skill level 5 in Air Magic
  8828 | D:8      | Found a basalt altar of Yredelemnul.
  9508 | D:9      | Reached skill level 1 in Maces & Flails
  9623 | D:9      | Identified the +1 robe of Bursted Intercession {+Blink
                  | Dex+2 Slay+2}
  9705 | D:9      | Found a runed translucent gate.
  9705 | D:9      | Found a runed translucent gate.
  9705 | D:9      | Found a runed translucent gate.
  9709 | D:9      | Noticed Persephone's ghost (novice TrSh)
  9746 | D:9      | Reached XP level 11. HP: 97/115 MP: 13/20
  9750 | D:9      | Reached skill level 2 in Maces & Flails
  9961 | D:9      | Noticed a two-headed ogre
  9967 | D:9      | Killed a two-headed ogre
 10160 | D:9      | Found a staircase to the Lair.
 10599 | D:9      | Reached skill level 3 in Maces & Flails
 11640 | D:9      | Reached skill level 5 in Translocations
 11876 | Lair:1   | Entered Level 1 of the Lair of Beasts
 11909 | Lair:1   | You fall into a shaft and drop 1 floor!
 11963 | Lair:2   | Reached skill level 4 in Maces & Flails
 11971 | Lair:2   | Noticed Fannar
 12028 | Lair:2   | Found a frozen archway.
 12072 | IceCv    | Entered an ice cave
 13719 | IceCv    | Reached * piety under Ashenzari
 13781 | IceCv    | Reached skill level 5 in Maces & Flails
 14061 | IceCv    | Noticed a bog body
 14061 | IceCv    | Noticed a bog body
 14070 | IceCv    | Killed a bog body
 14071 | IceCv    | Reached XP level 12. HP: 53/126 MP: 4/21
 14381 | Lair:2   | Noticed an eight-headed hydra
 14395 | Lair:2   | Reached skill level 1 in Ice Magic
 14407 | Lair:2   | Killed an eight-headed hydra
 14549 | Lair:2   | Identified the +2 falchion of Incongruity {freeze, rElec
                  | rF+}
 14633 | Lair:1   | Reached skill level 6 in Maces & Flails
 14745 | Lair:1   | Noticed Nergalle
 14762 | Lair:1   | Killed Nergalle
 16157 | Lair:2   | Killed Fannar
 16918 | Lair:2   | Reached skill level 7 in Maces & Flails
 16918 | Lair:2   | Reached skill level 5 in Conjurations
 16919 | Lair:2   | Reached XP level 13. HP: 128/133 MP: 13/24
 17052 | Lair:3   | Found a hole to the Spider Nest.
 18151 | Lair:3   | Found a staircase to the Swamp.
 18598 | Lair:4   | Reached skill level 5 in Fire Magic
 19398 | Lair:4   | Found a transporter.
 19798 | Lair:4   | Found a transporter.
 19800 | Lair:4   | Identified the ring "Ustrupp" {rF++ Int+2 Dex+6}
 19844 | Lair:4   | Reached skill level 8 in Maces & Flails
 20094 | Lair:4   | Found a viscous altar of Jiyva.
 20094 | Lair:4   | Found a staircase to the Slime Pits.
 20094 | Lair:4   | Identified the +4 rapier of the Dancing Scavenger {spect,
                  | rF+ rN+ Str+3}
 20094 | Lair:4   | Noticed Sonja
 20106 | Lair:4   | Killed Sonja
 20652 | Lair:5   | Entered Level 5 of the Lair of Beasts
 20661 | Lair:4   | Reached XP level 14. HP: 141/141 MP: 22/27
 20771 | Lair:4   | Learned a level 7 spell: Orb of Destruction
 22031 | Lair:5   | Reached skill level 9 in Maces & Flails
 22169 | Lair:5   | Reached skill level 10 in Spellcasting
 23688 | Lair:4   | Identified the +0 cloak "Ginnyol" {rElec rC++}
 23811 | Lair:5   | Paralysed by a hornet for 1 turns
 24400 | D:10     | Entered Level 10 of the Dungeon
 24408 | D:10     | Noticed Snorg
 24424 | D:10     | Noticed Josephine
 24562 | D:10     | Noticed Grum
 24653 | D:9      | Killed Grum
 25059 | D:10     | Killed Snorg
 25072 | D:10     | Killed Josephine
 25262 | D:10     | Found a burning altar of Makhleb.
 25268 | D:10     | Identified the +2 orcbow "Reoschof" {drain, Int+3 Dex+3
                  | SInv Stlth-}
 25331 | D:10     | You fall into a shaft and drop 2 floors!
 25497 | D:11     | Reached skill level 10 in Maces & Flails
 25627 | D:11     | Reached ** piety under Ashenzari
 25647 | D:11     | Found a runed translucent door.
 25648 | D:11     | Found a shimmering altar of Xom.
 25648 | D:11     | Noticed Pokonic1's ghost (journeyman DsIE)
 25958 | D:10     | Found a shimmering blue altar of Sif Muna.
 26354 | D:11     | Reached *** piety under Ashenzari
 27244 | D:12     | Found a staircase to the Orcish Mines.
 27275 | Orc:1    | Entered Level 1 of the Orcish Mines
 27292 | D:12     | Reached XP level 15. HP: 152/154 MP: 3/31
 27803 | D:12     | Noticed Gastronok
 27817 | D:12     | Killed Gastronok
 28557 | Orc:1    | Noticed Erica
 28566 | Orc:1    | Killed Erica
 29122 | Orc:1    | Found Seetanar's Gadget Gallery.
 29199 | Orc:2    | Entered Level 2 of the Orcish Mines
 29199 | Orc:2    | Found a staircase to the Elven Halls.
 29791 | Orc:2    | Found Wurat's Magic Scroll Emporium.
 29864 | Orc:2    | Reached skill level 11 in Maces & Flails
 30326 | Orc:2    | Reached skill level 10 in Conjurations
 31424 | Orc:2    | Found Vofit's Distillery.
 31424 | Orc:2    | Found Janof's Magic Scroll Shop.
 31425 | Orc:2    | Found Ximen's Armour Shop.
 31425 | Orc:2    | Found Itibbec's Book Boutique.
 31437 | Orc:2    | Bought a scroll of enchant armour for 120 gold pieces
 31437 | Orc:2    | Bought a scroll of blinking for 120 gold pieces
 31437 | Orc:2    | Bought a scroll of summoning for 152 gold pieces
 31437 | Orc:2    | Bought a scroll of teleportation for 48 gold pieces
 31547 | Orc:2    | Bought a scroll of teleportation for 48 gold pieces
 31547 | Orc:2    | Bought a scroll of fear for 64 gold pieces
 31547 | Orc:2    | Bought a scroll of teleportation for 48 gold pieces
 31581 | Orc:1    | Bought a wand of roots (4) for 134 gold pieces
 31581 | Orc:1    | Bought a phantom mirror for 560 gold pieces
 33088 | Lair:4   | Learned a level 6 spell: Plasma Beam
 33119 | Swamp:1  | Entered Level 1 of the Swamp
 33134 | Swamp:1  | HP: 2/154 [bunyip (21)]
 34019 | D:13     | Reached skill level 12 in Maces & Flails
 34929 | Elf:1    | Entered Level 1 of the Elven Halls
 35119 | D:9      | Identified the +0 cloak "Ginnyol" {rElec rC++}
 35156 | D:9      | Killed Persephone's ghost
 35571 | Elf:1    | Found a radiant altar of Vehumet.
 35586 | Elf:1    | Noticed Zenata
 35626 | Elf:1    | Reached XP level 16. HP: 123/162 MP: 19/32
 36127 | D:14     | Found a shadowy altar of Dithmenos.
 36276 | D:14     | Noticed Nessos
 36281 | D:14     | Killed Nessos
 36855 | D:14     | Found a gate to the Vaults.
 38088 | D:2      | Killed Crazy Yiuf
 38275 | D:11     | Reached skill level 5 in Ice Magic
 38283 | D:11     | Killed Pokonic1's ghost
 38472 | D:14     | Reached skill level 13 in Maces & Flails
 38853 | D:14     | Identified the +0 plate armour "Jaostreost" {+Blink Will+++
                  | Dex-4 Slay-2 Stlth+}
 39161 | D:15     | Entered Level 15 of the Dungeon
 39321 | D:15     | Found a portal to a secret trove of treasure.
 39377 | D:15     | Paralysed by an arcanist for 2 turns
 39387 | D:15     | Found a shimmering altar of Xom.
 40211 | D:15     | Reached skill level 10 in Dodging
 40378 | D:15     | Found a staircase to the Depths.
 42661 | Swamp:1  | HP: 8/162 [drowned by a drowned soul[a merfolk avatar]
                  | (17)]
 43921 | Swamp:2  | Reached XP level 17. HP: 114/170 MP: 19/33
 46032 | Swamp:3  | Noticed a tentacled monstrosity
 46672 | Swamp:3  | Killed a tentacled monstrosity
 46673 | Swamp:3  | Reached skill level 14 in Maces & Flails
 47672 | Swamp:4  | Entered Level 4 of the Swamp
 47679 | Swamp:3  | Reached skill level 10 in Ice Magic
 47769 | Swamp:3  | Learned a level 4 spell: Anguish
 48260 | Swamp:3  | Reached skill level 1 in Necromancy
 50024 | Swamp:4  | Noticed the 27-headed Lernaean hydra
 51388 | Swamp:4  | Killed the 27-headed Lernaean hydra
 51398 | Swamp:4  | Got a decaying rune of Zot
 51429 | Swamp:4  | Learned a level 4 spell: Manifold Assault
 51948 | Vaults:1 | Entered Level 1 of the Vaults
 52044 | Vaults:1 | Found Wocusk's Magic Scroll Boutique.
 52070 | Vaults:1 | Reached XP level 18. HP: 66/179 MP: 11/34
 52319 | Vaults:1 | Noticed Asterion
 53093 | Elf:1    | Killed Zenata
 53779 | Elf:1    | Paralysed by an air elemental for 1 turns
 53930 | Elf:1    | Found Oveush's General Store.
 53935 | Elf:1    | Bought a scroll of teleportation for 51 gold pieces
 53935 | Elf:1    | Bought a potion of resistance for 170 gold pieces
 54730 | Elf:2    | Found Muew's Neck Hole.
 54754 | Elf:2    | Found Amerchuch's Jewellery Emporium.
 55010 | Elf:2    | Noticed Donald
 55019 | Elf:2    | Killed Donald
 55020 | Elf:2    | Reached skill level 5 in Necromancy
 55028 | Elf:2    | Reached skill level 15 in Maces & Flails
 55253 | Elf:2    | Found a runed translucent gate.
 55254 | Elf:2    | Found a runed translucent gate.
 55255 | Elf:2    | Found a runed translucent gate.
 56321 | Elf:2    | Reached skill level 1 in Shields
 57156 | Elf:3    | Identified the "Xaciwn"
 57156 | Elf:3    | Entered Level 3 of the Elven Halls
 57177 | Elf:3    | Noticed Aizul
 57206 | Elf:3    | Killed Aizul
 57241 | Elf:3    | Reached XP level 19. HP: 50/187 MP: 27/35
 58654 | Elf:3    | Identified the ring "Gifyti" {Wiz rF+ rCorr Dex+3 Slay-5}
 59503 | Elf:3    | Identified the ring of Otopp {Str+2 SInv}
 59511 | Elf:3    | Noticed a Tzitzimitl
 59517 | Elf:3    | Killed from afar by a deep elf death mage

Illustrated notes

Levels and vault maps discovered:
D:1:      scummos_arrival_simple_fountains, layout_loops_ring,
          minmay_tetromino_s2
D:2:      layout_loops_corners, grunt_ministairs_14, uniq_crazy_yiuf_cottage,
          uniq_jessica
D:3:      layout_loops_ring, vehumet_crystals, kennysheep_generic_room_12
D:4:      layout_loops_cross, kennysheep_minor_cross, kennysheep_generic_room_2,
          uniq_pikel
D:5:      layout_rooms, marbit_many_paths
D:6:      layout_loops_ring
D:7:      layout_gridville, grunt_temple_overflow_order_and_chaos_1,
          lightli_temple_of_fire, minmay_temple_entry_crystal_x
D:8:      layout_basic, mainiacjoe_overflow_alcove_1, enter_bailey_8
D:9:      layout_cave_pods, lair_entry_dummy, biasface_ghost_orc_armoury,
          serial_undead, serial_undead_e, serial_undead_a, serial_undead_b,
          serial_undead_f, serial_undead_c, serial_undead_c, serial_undead_a,
          special_room [special_room_bee], minmay_misc_feat_secret_circle
D:10:     layout_rooms, led_sif_pool, mainiacjoe_overflow_brackets,
          statue_in_the_mist_lemuel, uniq_snorg, uniq_josephine, uniq_grum
D:11:     layout_long_grid, ebering_ghost_xom, st_stairs_3
D:12:     layout_basic, orc_0_dummy, grunt_decor_cap, serial_bayou_crossing,
          uniq_gastronok
D:13:     layout_roguey
D:14:     layout_roguey [special_room_orc], erik_vaults_1,
          grunt_dithmenos_smoke_and_mirrors, uniq_nessos
D:15:     gammafunk_depths_entry_grave, layout_cross, serial_column_ruins,
          column_ruins_columns_straight, column_ruins_columns_straight,
          column_ruins_columns_corner, column_ruins_grid_3, column_ruins_grid_1,
          column_ruins_columns_straight, grunt_decor_arrowhead,
          nicolae_trove_entry_free_sample, xom_teletrap_fun
Temple:   minmay_temple_curvy_branch
Lair:1:   layout_regular_city, grunt_megastairs_3, serial_bayou_shore_b,
          uniq_nergalle
Lair:2:   layout_gridlike, portal_ice_cave_entry_ice_simulacra,
          grunt_megastairs_4, uniq_fannar
Lair:3:   layout_gridlike, minmay_swamp_entry_worms,
          nicolae_spider_entry_orb_guardian
Lair:4:   gammafunk_worm_tunnel, layout_concentric_octagons, slime_entry_1,
          infiniplex_staircase_pool_2, serial_bayou_shore_b, grunt_megastairs_2,
          uniq_sonja
Lair:5:   minmay_lair_end_enchanted_forest, layout_regular_city, pond,
          serial_bayou_shore_a
Swamp:1:  layout_basic_swamp, evilmike_swamp_ruin_house_4,
          grunt_lady_of_the_lake
Swamp:2:  layout_basic_swamp, serial_swamp_ruin, evilmike_swamp_ruin_house_6,
          evilmike_swamp_ruin_house_1, evilmike_swamp_ruin_rubble_2, swamp_pool2
Swamp:3:  nicolae_swamp_wrong_neighborhood, layout_basic_swamp,
          nicolae_swamp_treefoil
Swamp:4:  grunt_swamp_rune_castle, layout_basic_swamp, swamp_pool2
Orc:1:    layout_caves, nicolae_shop_gadgets, uniq_erica
Orc:2:    st_orc_pillars, layout_caves, serial_shops, shop
Elf:1:    eino_elf_arrival_altar, layout_loops_cross, serial_shops, shop,
          hangedman_elf_represent, uniq_zenata
Elf:2:    elven_hall_of_blades_hangedman_original
          [nicolae_blade_entry_area_security], layout_loops_corners,
          serial_shops, nicolae_shop_temple_entry_statues_fountains,
          nicolae_shop_sticking_my_neck_out, uniq_donald
Elf:3:    minmay_elf_hall_spiked, layout_geoelf_grid, fountainhead, uniq_aizul
Vaults:1: vaults_room_glass_cross, nicolae_vaults_mitosis, v_misc_8,
          nicolae_vaults_closet_pinwheel_5, nicolae_vaults_asterisk,
          nicolae_vaults_asterisk, nicolae_vaults_offset_grid_hallway_2,
          nicolae_vaults_arrows, ontoclasm_vaults_claustrophobia,
          nicolae_vaults_asterisk, nicolae_vaults_network_barrier,
          nicolae_vaults_trapezoid_2, vaults_room_boxed,
          nicolae_vaults_more_shelving_1, layout_vaults_omnicross, serial_shops,
          nicolae_shop_tiny_waterfront, uniq_asterion

Skill      XL: |  1  2  3  4  5  6  7  8  9 10 11 12 13 14 15 16 17 18 19 |
---------------+----------------------------------------------------------+-----
Fire Magic     | 1 2 3 5 6 7 8 9 |  9.2
Dodging        | 2 3 4 5 6 8 9 10 11 12 | 12.4
Fighting       | 2 3 5 6 7 9 |  9.8
Spellcasting   | 2 3 4 5 6 7 9 11 | 11.4
Conjurations   | 2 3 4 5 6 9 11 12 13 14 | 14.9
Air Magic      | 2 3 4 5 6 7 8 |  8.0
Poison Magic   | 2 3 4 |  4.3
Translocations | 3 6 7 |  7.0
Maces & Flails | 1 5 7 8 10 12 13 14 15 | 15.1
Ice Magic      | 4 8 10 | 10.0
Necromancy     | 3 6 |  6.7
Shields        | 2 4 |  4.2
Ranged Weapons | |  1.3
Hexes          | |  2.6

Action                     |  1- 3 |  4- 6 |  7- 9 | 10-12 | 13-15 | 16-18 | 19-21 || total
---------------------------+-------+-------+-------+-------+-------+-------+-------++-------
  Melee: Dagger            |       |   154 |   145 |       |       |       |       ||   299
         Punch             |       |       |     3 |     1 |     1 |     3 |       ||     8
         Morningstar       |       |       |   128 |    88 |       |       |       ||   216
         Giant spiked club |       |       |       |   351 |   780 |   602 |       ||  1733
         Rapier            |       |       |       |       |    48 |    65 |       ||   113
         Eveningstar       |       |       |       |       |       |    70 |   115 ||   185
   Fire: Sling             |   114 |     4 |    56 |     2 |       |       |       ||   176
  Throw: Dart              |       |       |     1 |     1 |     3 |       |       ||     5
   Cast: Jinxbite          |     3 |     3 |    23 |    46 |    55 |     3 |       ||   133
         Mephitic Cloud    |       |     1 |    17 |    49 |   115 |    59 |    10 ||   251
         Inner Flame       |       |       |     1 |     7 |     7 |       |       ||    15
         Blink             |       |       |     1 |     2 |     1 |       |       ||     4
         Fulminant Prism   |       |       |       |    34 |    94 |     5 |       ||   133
         Iskenderun's Myst |       |       |       |    24 |   107 |    86 |     2 ||   219
         Orb of Destructio |       |       |       |       |    18 |   200 |    14 ||   232
         Plasma Beam       |       |       |       |       |     7 |    14 |     2 ||    23
         Anguish           |       |       |       |       |       |    26 |     4 ||    30
         Manifold Assault  |       |       |       |       |       |    55 |    24 ||    79
 Invoke: Curse Item        |       |       |       |     2 |     2 |     1 |       ||     5
         Shatter the Chain |       |       |       |       |       |     1 |       ||     1
  Evoke: Wand              |       |     3 |       |    53 |    26 |    18 |       ||   100
         Phantom mirror    |       |       |       |       |       |     4 |       ||     4
    Use: Scroll            |       |     1 |    12 |    18 |    11 |    23 |     4 ||    69
         Potion            |       |       |     2 |     3 |    10 |    15 |       ||    30
   Stab: Confused          |       |       |     4 |    12 |    29 |    15 |     1 ||    61
         Invisible         |       |       |       |     1 |     1 |     2 |       ||     4
         Distracted        |       |       |       |     1 |       |     2 |       ||     3
         Sleeping          |       |       |       |       |       |     1 |     1 ||     2
 Armour: Robe              |    73 |   122 |   325 |    59 |       |       |       ||   579
         Steam dragon scal |       |       |       |   523 |   794 |   712 |    49 ||  2078
  Dodge: Dodged            |    43 |    90 |   256 |   531 |   804 |   647 |    35 ||  2406
  Block: Kite shield       |       |       |       |       |       |    20 |    28 ||    48
         Reflection        |       |       |       |       |       |     4 |     5 ||     9

Table legend: (Time is in decaauts)
 A = Elapsed time spent in this place.
 B = Non-inter-level travel time spent in this place.
 C = Inter-level travel time spent in this place.
 D = Time resting spent in this place.
 E = Time spent auto-exploring this place.
 F = Levels seen in this place.
 G = Mean time per level.
                   A        B        C        D        E       F      G
               +--------+--------+--------+--------+--------+-----+--------+
         Total |  60289 |  56287 |   4002 |  25530 |  17664 |  33 | 1826.9 |
       Dungeon |  22396 |  20078 |   2318 |   6813 |   8644 |  15 | 1493.1 |
        Temple |     25 |     14 |     11 |      0 |      0 |   1 |   25.0 |
          Lair |  13005 |  12049 |    956 |   5333 |   3892 |   5 | 2601.0 |
         Swamp |  10372 |  10071 |    301 |   6137 |   1945 |   4 | 2593.0 |
  Orcish Mines |   3752 |   3452 |    300 |   1521 |    982 |   2 | 1876.0 |
   Elven Halls |   6927 |   6814 |    113 |   3127 |   2120 |   3 | 2309.0 |
        Vaults |    811 |    811 |      0 |    544 |     66 |   1 |  811.0 |
        Bailey |    681 |    681 |      0 |    384 |     15 |   1 |  681.0 |
      Ice Cave |   2318 |   2318 |      0 |   1670 |      0 |   1 | 2318.0 |
               +--------+--------+--------+--------+--------+-----+--------+

Top non-repeatable levels by time:
 Swamp:3: 4686 daAuts
  Lair:4: 3958 daAuts
   Elf:2: 3367 daAuts
  Lair:3: 3359 daAuts
     D:9: 3172 daAuts
   Orc:2: 2808 daAuts
  Lair:5: 2464 daAuts
   IceCv: 2318 daAuts
 Swamp:1: 2102 daAuts
   Elf:1: 1975 daAuts
    D:12: 1913 daAuts
 Swamp:2: 1906 daAuts
    D:14: 1774 daAuts
    D:13: 1761 daAuts
 Swamp:4: 1677 daAuts
